 Dungeon Crawl Stone Soup version 0.29.1-2-gbd0b4ee654 (webtiles) character file.

Game seed: 11791124842624840810

32 styxcanada the Sneak (level 3, 0/27 HPs)
             Began as a Spriggan Brigand on Nov 11, 2022.
             Succumbed to an adder's poison
             ... on level 2 of the Dungeon.
             The game lasted 00:03:10 (1019 turns).

styxcanada the Sneak (Spriggan Brigand)             Turns: 1019, Time: 00:03:10

Health: 0/27       AC: 21    Str:  7    XL:     3   Next: 10%
Magic:  4/4        EV:  4    Int: 12    God:
Gold:   80         SH:  0    Dex: 18    Spells: 2/2 levels left

rFire   . . .      SeeInvis +   a - +2 dagger
rCold   . . .      Faith    .   (no shield)
rNeg    . . .      Spirit   .   (body armour currently unavailable)
rPois   +          Reflect  .   (helmet currently unavailable)
rElec   .          Harm     .   (cloak currently unavailable)
rCorr   .          Rampage  .   (gloves unavailable)
Will    .....      NoTele   +   (boots unavailable)
Stlth   ++++......              (no amulet)
HPRegen 0.09/turn               (no ring)
MPRegen 0.09/turn               (no ring)

@: lethally poisoned (0 -> -7), tree-form
A: stationary, stasis, torment immunity, boosted hp, very small, no large
weapons, unfitting armour, see invisible, (speed 3)
a: no special abilities


You were on level 2 of the Dungeon.
You were a tree.
You visited 1 branch of the dungeon, and saw 2 of its levels.

You collected 80 gold pieces.

Inventory:

Hand Weapons
 a - a +2 dagger (weapon)
Missiles
 d - 7 poisoned darts (quivered)
 e - 3 curare-tipped darts
 f - 3 silver boomerangs
 h - 33 stones
 n - 5 boomerangs
Armour
 b - a +0 robe (melded)
 c - a +0 cloak (melded)
Scrolls
 g - a scroll of amnesia {unknown}
 k - a scroll of silence {unknown}
 l - a scroll of torment {unknown}
 m - 2 scrolls of identify {unknown}
Potions
 i - 3 potions of curing {unknown}


   Skills:
 * Level 2.0 Fighting
 + Level 2.3 Short Blades
 + Level 2.0 Throwing
 * Level 1.8 Dodging
 * Level 6.9 Stealth


You had 2 spell levels left.
You didn't know any spells.
Your spell library was empty.

Dungeon Overview and Level Annotations

Branches:
Dungeon (2/15)

Altars:


Innate Abilities, Weirdness & Mutations

You are a tree.
Your roots penetrate the ground, keeping you stationary.
You cannot be teleported.
You are immune to unholy pain and torment.
Your maximum health is greatly increased.
Your equipment is partially melded.
You are very small and have problems with some larger weapons.
You are too small for most types of armour.
You have supernaturally acute eyesight. (SInv)
((You cover ground extremely quickly. (Speed+++)))


Message History

Found a hand axe.
You see here a +0 hand axe.
Found 8 gold pieces.
A bat comes into view.
You see here 8 gold pieces.
You now have 80 gold pieces (gained 8).
The bat hits you but does no damage.
You hit the bat.
You kill the bat!
Found a scale mail.
An adder comes into view.
An adder comes into view.
The adder bites you.
You are poisoned.
The adder poisons you!
You closely miss the adder.
You feel sick.
The adder hisses angrily.
The adder misses you.
You closely miss the adder.
You feel sick. The adder bites you.
You are more poisoned.
The adder poisons you!
You hit the adder.
The adder is heavily wounded.
You feel sick. The adder closely misses you.
You hit the adder. Your punch misses the adder.
The adder is severely wounded.
You feel sick. The adder closely misses you. The adder bites you.
* * * LOW HITPOINT WARNING * * *
You are more poisoned.
The adder poisons you!
* * * LOW HITPOINT WARNING * * *
You feel sick.
* * * LOW HITPOINT WARNING * * *
You feel sick.
* * * LOW HITPOINT WARNING * * *
You feel sick.
It was a potion of lignification.
You turn into a tree.
Your +0 cloak melds into your body.
Your +0 robe melds into your body.
Your roots penetrate the ground.
You die...

##.# ....## #### #.... ..#
#...# #.# .
#...########.########
.####...##...............
...##...##.####...######
##......##.###.....#####.#.
...............[♣.S.S......
#..##......###.....#####.##
#).##.............##
#..###.....########
..........## #..#####.##
#..... ..# #.######## #.#


You could see 2 adders.

Vanquished Creatures
  A dart slug (D:2)
  A ball python (D:1)
  2 endoplasms
  2 giant cockroaches (D:1)
  3 goblins (D:1)
  A hobgoblin (D:1)
  2 jackals (D:1)
  3 kobolds
  3 quokkas
  3 bats
  2 frilled lizards
  4 rats
27 creatures vanquished.

Notes
Turn   | Place    | Note
-------+----------+-------------------------------------------
     0 | D:1      | styxcanada the Spriggan Brigand began the quest for the
                  | Orb.
     0 | D:1      | Reached XP level 1. HP: 10/10 MP: 2/2
   116 | D:1      | Reached skill level 6 in Stealth
   223 | D:1      | Reached XP level 2. HP: 15/15 MP: 3/3
   853 | D:2      | Reached XP level 3. HP: 18/18 MP: 4/4
  1019 | D:2      | Succumbed to an adder's poison

Illustrated notes

Levels and vault maps discovered:
D:1:      dpeg_arrival_tiny_h, layout_loops_ring
D:2:      layout_loops_ring

Skill      XL: |  1  2 |
---------------+-------+-----
Stealth        | 6 |  6.9
Fighting       | 2 |  2.0
Short Blades   | |  2.3
Throwing       | |  2.0
Dodging        | |  1.8

Action                   || total
-------------------------++-------
Melee: Dagger            ||    50
Throw: Dart              ||     6
  Use: Potion            ||     1
 Stab: Sleeping          ||    13
Armor: Robe              ||     3
Dodge: Dodged            ||    25
